 Dungeon Crawl Stone Soup version 0.29.0-4-gdea44cf6ec (webtiles) character file.

Game seed: 18367124416580173379

105 qw the Chopper (level 4, 0/26 HPs)
             Began as a Tengu Warper on Aug 28, 2022.
             Slain by Ijyb
             ... wielding a +1 dagger of speed
              (7 damage)
             ... on level 3 of the Dungeon.
             The game lasted 00:00:19 (2717 turns).

qw the Chopper (Tengu Warper)                       Turns: 2717, Time: 00:00:19

Health: 0/26       AC:  0    Str: 13    XL:     4   Next: 81%
Magic:  8/8        EV: 14    Int: 13    God:
Gold:   139        SH:  0    Dex: 14    Spells: 7/7 levels left

rFire   . . .      SeeInvis .   (weapon currently unavailable)
rCold   . . .      Faith    .   (shield currently unavailable)
rNeg    . . .      Spirit   .   (body armour currently unavailable)
rPois   .          Reflect  .   (helmet currently unavailable)
rElec   .          Harm     .   (cloak currently unavailable)
rCorr   .          Rampage  .   (gloves currently unavailable)
Will    .....                   (boots unavailable)
Stlth   +.........              (no amulet)
HPRegen 0.08/turn               (ring currently unavailable)
MPRegen 0.11/turn               (ring currently unavailable)

@: pig-form (expiring), very quick
A: fast, no casting, small, (beak), (talons 3)
a: no special abilities


You were on level 3 of the Dungeon.
You were a filthy swine.
You visited 1 branch of the dungeon, and saw 3 of its levels.

You collected 181 gold pieces.
You spent 42 gold pieces at shops.


Innate Abilities, Weirdness & Mutations

You are a filthy swine.
You move quickly.
Your equipment is almost entirely melded.
You are incapable of wielding weapons or throwing items.
You cannot cast spells.
((You have a beak for a mouth.))
((You have claws for feet.))


   Skills:
 - Level 2.0 Fighting
 + Level 5.3 Axes
 - Level 1.0 Throwing
 - Level 1.1 Armour
 - Level 2.1 Dodging
 - Level 2.0 Spellcasting
 - Level 2.4 Translocations


You had 7 spell levels left.
You didn't know any spells.
Your spell library contained the following spells:

 Spells                   Type           Power      Damage    Failure   Level
 Blink                    Tloc           14%        N/A       14%         2
 Gell's Gravitas          Tloc           7%         N/A       28%         3
 Lesser Beckoning         Tloc           7%         N/A       28%         3
 Teleport Other           Tloc           7%         N/A       28%         3
 Manifold Assault         Tloc           7%         N/A       95%         5

Inventory:

Hand Weapons
 k - a +0 mace
 Y - a +1 hand axe (melded)
Missiles
 g - a boomerang (quivered)
Armour
 b - a +0 cloak
 h - a +0 ring mail (melded)
Jewellery
 i - an amulet of the acrobat
Scrolls
 a - 3 scrolls of identify
 j - a scroll of noise {unknown}
 n - a scroll of poison {unknown}
Potions
 c - a potion of resistance {unknown}
 e - a potion of invisibility {unknown}
 f - a potion of might
 l - a potion of haste {unknown}
 m - a potion of cancellation {unknown}

Dungeon Overview and Level Annotations

Branches:
Dungeon (3/15)

Altars:

Shops:
D:1 (

Annotations:
D:3 Ijyb


Message History

Ijyb is almost dead.
Ijyb closely misses you. Ijyb barely misses you.
You barely miss Ijyb.
Ijyb is almost dead.
Ijyb hits you with a +1 dagger of speed!
You closely miss Ijyb.
Ijyb is almost dead.
Ijyb closely misses you.
Ijyb hits you with a +1 dagger of speed.
2709 ||| DRINKING potion of heal wounds.
You feel much better.
Your transformation is almost over.
Ijyb misses you.
You hit Ijyb but do no damage.
Ijyb is almost dead.
Ijyb misses you. Ijyb closely misses you.
You hit Ijyb but do no damage.
Ijyb is almost dead.
Ijyb barely misses you.
You closely miss Ijyb.
Ijyb is almost dead.
Ijyb barely misses you.
You closely miss Ijyb.
Ijyb is almost dead.
Ijyb misses you.
Ijyb hits you with a +1 dagger of speed.
You hit Ijyb but do no damage.
Ijyb is almost dead.
Ijyb closely misses you.
You hit Ijyb but do no damage.
Ijyb is almost dead.
Ijyb hits you with a +1 dagger of speed. x2
You barely miss Ijyb.
Ijyb is almost dead.
Ijyb hits you with a +1 dagger of speed.
You hit Ijyb but do no damage.
Ijyb is almost dead.
Ijyb misses you.
Ijyb hits you with a +1 dagger of speed!
You die...

#..... #.
#...##.....# ###. #
#...##.....## .. .
#. #...#.......##.
#. #...#>#.......
..##...#.#......#
.......#.<....##
#.g#(.#.....%.#
#.h....###..#.##
##.#"......##..#
#..#....%)####.####
#.##..)......#.....
#.###..##.##..#####
#.###...#.###....##
###.#...#...#
####...
#.....####..####
#### #.#.###
##....##


You could see Ijyb.

Vanquished Creatures
  4 adders
  2 worms
  9 endoplasms
  2 giant cockroaches (D:1)
  10 goblins
  3 hobgoblins (D:2)
  6 kobolds
  A quokka (D:1)
  5 ball pythons
  8 bats
  3 frilled lizards (D:2)
  6 rats
59 creatures vanquished.

Notes
Turn   | Place    | Note
-------+----------+-------------------------------------------
     0 | D:1      | qw the Tengu Warper began the quest for the Orb.
     0 | D:1      | Reached XP level 1. HP: 12/12 MP: 4/4
     0 | D:1      | 0 ||| qw: Version: 0.1-a-89-g26bdef1
     0 | D:1      | 0 ||| qw: Game counter: 2603
     0 | D:1      | 0 ||| qw: Always use a shield: true
     0 | D:1      | 0 ||| qw: God list: Okawaru
     0 | D:1      | 0 ||| qw: Allow faded altars: false
     0 | D:1      | 0 ||| qw: Do Orc after D:15 true
     0 | D:1      | 0 ||| qw: Do second Lair branch before Depths: true
     0 | D:1      | 0 ||| qw: Lair rune preference: random
     0 | D:1      | 0 ||| qw: Plans: Normal
     0 | D:1      | 0 ||| PLANNING D:1-11
   312 | D:1      | Reached XP level 2. HP: 12/17 MP: 6/6
   491 | D:1      | Reached skill level 3 in Axes
   771 | D:1      | Found Rosmice's Weapon Shoppe.
   779 | D:1      | 779 ||| BUYING +0 mace (42 gold).
   779 | D:1      | Bought a +0 mace for 42 gold pieces
   779 | D:1      | 779 ||| SHOPLISTING +3 war axe "Peehyill" {flame, *Noise
                  | Str+5 Stlth+} (533 gold, have 1).
   779 | D:1      | 779 ||| DROPPING +0 club.
   822 | D:1      | 822 ||| Stepping ~*~*~tactically~*~*~ (stealth).
  1245 | D:1      | 1245 ||| READING 2 scrolls labelled JIACOO WANU.
  1246 | D:1      | 1246 ||| READING scroll labelled WUOFEX OSIHU.
  1247 | D:1      | 1247 ||| READING scroll labelled OCWUPLINEIZ.
  1252 | D:1      | 1252 ||| DRINKING 2 murky silvery potions.
  1253 | D:1      | 1253 ||| DROPPING scroll of blinking.
  1260 | D:2      | Reached XP level 3. HP: 21/21 MP: 7/7
  1276 | D:2      | Reached skill level 4 in Axes
  1491 | D:2      | 1491 ||| Stepping ~*~*~tactically~*~*~ (stealth).
  1496 | D:2      | 1496 ||| Stepping ~*~*~tactically~*~*~ (stealth).
  1587 | D:2      | 1587 ||| FLEEEEING.
  1588 | D:2      | 1588 ||| FLEEEEING.
  1658 | D:2      | 1658 ||| FLEEEEING.
  1659 | D:2      | 1659 ||| FLEEEEING.
  1815 | D:2      | 1815 ||| Stepping ~*~*~tactically~*~*~ (stealth).
  1830 | D:2      | 1830 ||| Stepping ~*~*~tactically~*~*~ (stealth).
  1851 | D:2      | Reached XP level 4. HP: 26/26 MP: 8/8
  2141 | D:2      | 2141 ||| Stepping ~*~*~tactically~*~*~ (stealth).
  2147 | D:2      | 2147 ||| Stepping ~*~*~tactically~*~*~ (stealth).
  2234 | D:2      | 2234 ||| Stepping ~*~*~tactically~*~*~ (stealth).
  2238 | D:2      | 2238 ||| Stepping ~*~*~tactically~*~*~ (stealth).
  2295 | D:2      | 2295 ||| UPGRADING to +0 ring mail.
  2305 | D:2      | 2305 ||| DROPPING +0 leather armour.
  2306 | D:2      | 2306 ||| READING scroll labelled JOTIUT QIAF.
  2307 | D:2      | 2307 ||| READING scroll labelled KIFRU DUIFRE.
  2308 | D:2      | 2308 ||| DRINKING 2 emerald potions.
  2309 | D:2      | 2309 ||| READING 3 scrolls of identify.
  2309 | D:2      | 2309 ||| IDENTIFYING fizzy green potion
  2310 | D:2      | 2310 ||| READING 2 scrolls of identify.
  2310 | D:2      | 2310 ||| IDENTIFYING lumpy cyan potion
  2311 | D:2      | 2311 ||| DROPPING potion of degeneration.
  2312 | D:2      | 2312 ||| DROPPING potion of lignification.
  2386 | D:3      | 2386 ||| FLEEEEING.
  2387 | D:3      | 2387 ||| FLEEEEING.
  2388 | D:3      | 2388 ||| FLEEEEING.
  2389 | D:3      | 2389 ||| FLEEEEING.
  2390 | D:3      | 2390 ||| FLEEEEING.
  2391 | D:3      | 2391 ||| FLEEEEING.
  2392 | D:3      | 2392 ||| FLEEEEING.
  2393 | D:3      | 2393 ||| FLEEEEING.
  2394 | D:3      | 2394 ||| STAIRDANCE
  2437 | D:3      | Reached skill level 5 in Axes
  2600 | D:3      | Found a faded altar of an unknown god.
  2647 | D:3      | Noticed Ijyb
  2681 | D:3      | HP: 6/26 [Ijyb/+1 dagger of speed (3)]
  2682 | D:3      | 2682 ||| DRINKING 3 potions of heal wounds.
  2699 | D:3      | HP: 6/26 [Ijyb/+1 dagger of speed (6)]
  2700 | D:3      | 2700 ||| DRINKING 2 potions of heal wounds.
  2708 | D:3      | HP: 3/26 [Ijyb/+1 dagger of speed (4)]
  2709 | D:3      | 2709 ||| DRINKING potion of heal wounds.
  2717 | D:3      | Slain by Ijyb

Levels and vault maps discovered:
D:1:      shiori_arrival_oz, layout_basic, serial_shops,
          nicolae_shop_bloodbath_and_beyond
D:2:      layout_loops_ring, minmay_octomino_c4
D:3:      layout_rooms, chequers_ecumenical_altar_island, uniq_ijyb

Skill      XL: |  1  2  3  4 |
---------------+-------------+-----
Axes           | 3 4 5 |  5.3
Fighting       | |  2.0
Throwing       | |  1.0
Armour         | |  1.1
Dodging        | |  2.1
Spellcasting   | |  2.0
Translocations | |  2.4

Action                   |  1- 3 |  4- 6 || total
-------------------------+-------+-------++-------
Melee: Hand axe          |    68 |    51 ||   119
       Kick              |    13 |    10 ||    23
       Punch             |     1 |     1 ||     2
       Peck              |     5 |     3 ||     8
       Unarmed           |       |    40 ||    40
Throw: Boomerang         |    58 |    24 ||    82
  Use: Scroll            |     3 |     4 ||     7
       Potion            |     1 |     4 ||     5
Armor: Leather armour    |    21 |     2 ||    23
       Skin              |       |    27 ||    27
       Ring mail         |       |     5 ||     5
Dodge: Dodged            |    41 |    58 ||    99

Table legend:
 A = Non-vault XP
 B = Vault XP
 C = Vault XP percentage of total XP
 D = Non-vault monster count
 E = Vault monster count
 F = Vault count percentage of total count
                 A         B        C        D         E       F
            +---------+---------+-------+---------+---------+-------
      Total |     135 |      15 |  10.0 |      52 |       7 |  11.9
            +---------+---------+-------+---------+---------+-------
        D:1 |      27 |       4 |  12.9 |      17 |       2 |  10.5
        D:2 |      63 |      11 |  14.9 |      24 |       5 |  17.2
        D:3 |      45 |       0 |   0.0 |      11 |       0 |   0.0
            +---------+---------+-------+---------+---------+-------
